 Dungeon Crawl Stone Soup version 0.19.5 (webtiles) character file.

26041 ghjk the Severer (level 12, -3/111 HPs)
             Began as a Minotaur Fighter on Apr 30, 2017.
             Was a High Priest of Okawaru.
             Killed by divine providence
             ... invoked by a meliai
              (12 damage)
             ... on level 14 of the Dungeon.
             The game lasted 00:24:47 (12535 turns).

ghjk the Severer (Minotaur Fighter)                Turns: 12535, Time: 00:24:48

Health: -3/111     AC: 31    Str: 30    XL:     12   Next: 94%
Magic:  21/21      EV:  8    Int:  5    God:    Okawaru [*****.]
Gold:   111        SH: 10    Dex: 10    Spells: 0 memorised, 11 levels left

rFire  . . .     SeeInvis .     Q - +4 war axe (freeze)
rCold  + . .     Gourm    .     i - +2 plate armour {rC+}
rNeg   . . .     Faith    .     c - +0 shield
rPois  +         Spirit   .     (helmet restricted)
rElec  .         Reflect  .     P - +2 cloak {rPois}
rCorr  .         Harm     .     (no gloves)
MR     .....                    J - +1 pair of boots of Pandemonium {MP+9}
Stlth  ..........               (no amulet)
                                u - +4 ring of strength
                                x - ring of Robustness {AC+8}

@: lethally poisoned (-3 -> -8), very slightly contaminated, studying Axes
A: retaliatory headbutt, horns 2
a: Heroism, Finesse, Renounce Religion


You were on level 14 of the Dungeon.
You worshipped Okawaru.
Okawaru was extremely pleased with you.
You were not hungry.

You visited 2 branches of the dungeon, and saw 15 of its levels.
You also visited: Bailey.

You collected 1074 gold pieces.
You spent 963 gold pieces at shops.

Inventory:

Hand Weapons
 Q - a +4 war axe of freezing (weapon)
Armour
 c - a +0 shield (worn)
 i - a +2 plate armour of cold resistance (worn)
 J - the +1 pair of boots of Pandemonium (worn) {MP+9}
   (Okawaru gifted it to you on level 10 of the Dungeon)

   It affects your magic capacity (+9).
 P - a +2 cloak of poison resistance (worn)
Jewellery
 u - a +4 ring of strength (right hand)
 w - an uncursed ring of wizardry
 x - the ring of Robustness (left hand) {AC+8}
   (You found it on level 6 of the Dungeon)

   [ring of protection]

   It affects your AC (+8).
 y - a +3 ring of protection
 E - an uncursed ring of positive energy
 H - an uncursed ring of resist corrosion
Wands
 g - a wand of iceblast (14/15)
 o - a wand of confusion (29/48)
 F - a wand of slowing (36/48)
 K - a wand of confusion (35/48)
 O - a wand of iceblast (6/15)
Scrolls
 b - 4 scrolls of identify
 d - 2 scrolls of fear
 e - 3 scrolls of blinking
 n - a scroll of enchant armour
 p - 3 scrolls of recharging
 q - 2 scrolls of remove curse
 v - 2 scrolls of amnesia
 D - a scroll of magic mapping
 G - 3 scrolls of enchant weapon
 I - a scroll of fog
 L - 2 scrolls of teleportation
 N - 2 scrolls of silence
Potions
 h - 6 potions of heal wounds
 j - a potion of agility
 k - 6 potions of curing
 l - 2 potions of brilliance
 m - 2 potions of haste
 s - 3 potions of cancellation
 t - a potion of resistance
 z - a potion of lignification
 B - 3 potions of mutation
 C - 8 potions of degeneration
Books
 M - a manual of Axes
Comestibles
 f - 9 bread rations
 r - 8 meat rations
 A - a beef jerky


   Skills:
 + Level 11.7 Fighting
 * Level 20.1 Axes
 + Level 11.6 Armour
 + Level 4.7 Dodging
 - Level 3.6 Shields
 + Level 1.4 Invocations


You had 11 spell levels left.
You didn't know any spells.

Dungeon Overview and Level Annotations

Branches:
Dungeon (14/15)            Temple (1/1) D:4            Lair (0/6) D:8
    Orc (0/2) D:10
 Vaults: D:13-14

Altars:
Ashenzari
Cheibriados
Dithmenos
Elyvilon
Fedhas
Gozag
Hepliaklqana
Kikubaaqudgha
Makhleb
Nemelex Xobeh
Okawaru
Qazlal
Ru
Sif Muna
Trog
Uskayaw
Vehumet
Xom
Yredelemnul
Zin
The Shining One

Shops:
D:6 }:(%   D:11 *   D:12 ?   D:13 }


Innate Abilities, Weirdness & Mutations

You reflexively headbutt those who attack you in melee.
You have a pair of horns on your head.


Message History

The meliai calls down the wrath of its god upon you.
Something smites you!
* * * LOW HITPOINT WARNING * * *
The meliai hits you but does no damage.
The meliai stings you but does no damage.
The meliai invokes the aid of its god against you.
Something smites you!
* * * LOW HITPOINT WARNING * * *
You hear an angry buzzing noise.
You are too injured to fight recklessly!
Blink to where?
Press: ? - help, Dir - move target cursor You are very lightly contaminated with residual magic.
As you read the scroll of blinking, it crumbles to dust.
You feel sick.
You feel sick.
You feel sick.
The meliai calls down the wrath of its god upon you.
Something smites you!
You die...

.....##..#..........#
.....##.##..........#
........##..........#
.....##########'#####
#)#### #.## ..# #..#
### ##.# #.# ##
#######@#### ..
#..........# ..
#....>.....# ..
#..........# ..
##..........# ..
........y...# ..
##..........# ..
######y##### ## #)).#


You could see 2 meliai.

Vanquished Creatures
  A deep elf high priest (D:13)
  2 centaur warriors
  The ghost of bananaglory the Destroyer, a journeyman HuCj of Vehumet (D:10)
  A death yak (D:8)
  A skeletal warrior (D:14)
  3 unseen horrors
  4 hill giants
  A phantasmal warrior (D:13)
  A deep elf archer (Bailey)
  Pikel (D:5)
  An ugly thing (D:12)
  10 deep elf magi
  A gargoyle (D:13)
  A komodo dragon (D:13)
  2 trolls
  2 tengu conjurers (D:14)
  A two-headed ogre (D:10)
  4 slime creatures (D:13)
  Grinder (D:4)
  Prince Ribbit (D:6)
  6 hippogriffs
  A meliai zombie (D:13)
  A centaur simulacrum (D:14)
  A spriggan (D:12)
  A shadow (D:14)
  A wyvern (D:14)
  8 yaks
  A hungry ghost (D:10)
  A mottled dragon (D:13)
  Edmund (D:4)
  A soldier ant (D:14)
  3 water moccasins
  Duvessa (D:5)
  2 black bears
  4 ice beasts
  3 eyes of draining
  2 sky beasts
  A hornet zombie (D:8)
  3 orc warriors
  A swamp drake (D:10)
  4 phantoms
  A slave (D:5)
  A necrophage (D:4)
  12 ogres
  7 centaurs
  9 bullfrogs
  A water moccasin zombie (D:10)
  Dowan (D:5)
  6 scorpions
  A wyvern skeleton (D:14)
  10 killer bees
  A howler monkey (D:7)
  4 crimson imps
  2 centaur zombies
  11 hounds
  2 jellies
  2 bullfrog skeletons
  A gnoll shaman (D:6)
  13 orc wizards
  2 orc priests
  3 iguanas
  5 worker ants
  A killer bee zombie (D:7)
  A hound skeleton (D:7)
  6 gnolls
  13 adders
  4 shadow imps
  3 oozes
  An adder skeleton (D:9)
  3 dart slugs
  5 leopard geckos
  43 orcs
  4 ball pythons
  8 bats
  8 giant cockroaches
  A goblin (shapeshifter) (D:13)
  3 goblins
  6 hobgoblins
  8 jackals
  A quokka (D:6)
  4 frilled lizards
  7 kobolds
  5 rats
317 creatures vanquished.

Vanquished Creatures (others)
  An orc wizard (D:10)
  A dart slug (D:3)
2 creatures vanquished.

Grand Total: 319 creatures vanquished

Notes
Turn   | Place    | Note
-------+----------+-------------------------------------------
     0 | D:1      | ghjk the Minotaur Fighter began the quest for the Orb.
     0 | D:1      | Reached XP level 1. HP: 19/19 MP: 0/0
    82 | D:1      | Reached XP level 2. HP: 27/27 MP: 1/1
   187 | D:1      | Reached skill level 3 in Axes
   487 | D:1      | Reached XP level 3. HP: 33/33 MP: 2/2
   853 | D:2      | Found a blossoming altar of Fedhas.
  1075 | D:2      | Reached XP level 4. HP: 40/40 MP: 3/3
  1162 | D:2      | Reached skill level 4 in Axes
  1245 | D:2      | Found a burning altar of Makhleb.
  1245 | D:2      | Found a sparkling altar of Nemelex Xobeh.
  1247 | D:2      | Found a hide-covered altar of Uskayaw.
  1252 | D:2      | Found a deep blue altar of Sif Muna.
  1252 | D:2      | Found a snail-covered altar of Cheibriados.
  1252 | D:2      | Found a stormy altar of Qazlal.
  1459 | D:3      | Reached skill level 1 in Dodging
  1498 | D:3      | Found a radiant altar of Vehumet.
  1559 | D:3      | Reached skill level 5 in Axes
  1559 | D:3      | Reached XP level 5. HP: 19/46 MP: 4/4
  2047 | D:3      | Found an opulent altar of Gozag.
  2199 | D:4      | Noticed Edmund
  2219 | D:4      | Killed Edmund
  2219 | D:4      | Reached skill level 6 in Axes
  2219 | D:4      | Reached skill level 5 in Armour
  2219 | D:4      | Reached XP level 6. HP: 47/52 MP: 5/5
  2239 | D:4      | Found a staircase to the Ecumenical Temple.
  2306 | D:4      | Noticed Grinder
  2319 | D:4      | Killed Grinder
  2319 | D:4      | Reached skill level 7 in Axes
  2319 | D:4      | Reached XP level 7. HP: 49/60 MP: 6/6
  2359 | D:4      | Reached skill level 8 in Axes
  2376 | Temple   | Entered the Ecumenical Temple
  2423 | Temple   | Became a worshipper of Warmaster Okawaru
  2844 | D:5      | Entered Level 5 of the Dungeon
  2844 | D:5      | Noticed Duvessa
  2844 | D:5      | Noticed Dowan
  2850 | D:5      | Killed Duvessa
  2850 | D:5      | Reached skill level 9 in Axes
  2856 | D:5      | Killed Dowan
  2958 | D:5      | Reached * piety under Okawaru
  3039 | D:5      | Reached skill level 5 in Fighting
  3039 | D:5      | Reached XP level 8. HP: 52/68 MP: 7/7
  3041 | D:5      | Found an iron altar of Okawaru.
  3111 | D:5      | Reached skill level 10 in Axes
  3591 | D:5      | Noticed Pikel
  3606 | D:5      | Killed Pikel
  3606 | D:5      | Reached ** piety under Okawaru
  3606 | D:5      | Reached skill level 11 in Axes
  3898 | D:6      | Found Eratig's Food Emporium.
  3978 | D:6      | Noticed Prince Ribbit
  3991 | D:6      | Killed Prince Ribbit
  3991 | D:6      | Reached XP level 9. HP: 48/75 MP: 8/8
  4096 | D:6      | Found Puogguh's Weapon Shop.
  4234 | D:6      | Found Bozxaolu's Book Shoppe.
  4293 | D:6      | Found Dasalo's Gadget Boutique.
  4505 | D:6      | Reached skill level 12 in Axes
  4912 | D:7      | Found a sparkling altar of Nemelex Xobeh.
  5088 | D:7      | Reached *** piety under Okawaru
  5357 | D:8      | Noticed an angel
  5357 | D:8      | Found a glowing silver altar of Zin.
  5357 | D:8      | Found a shimmering altar of Xom.
  5443 | D:8      | Reached skill level 13 in Axes
  5572 | D:8      | HP: 3/78 [something (5)]
  5652 | D:8      | Killed an unseen horror
  5652 | D:8      | Reached **** piety under Okawaru
  5652 | D:8      | Reached XP level 10. HP: 28/86 MP: 9/9
  6051 | D:8      | Noticed a death yak
  6066 | D:8      | Killed a death yak
  6075 | D:8      | Reached skill level 14 in Axes
  6103 | D:8      | Found a staircase to the Lair.
  7057 | D:10     | Entered Level 10 of the Dungeon
  7068 | D:10     | Noticed bananaglory's ghost (journeyman HuCj)
  7086 | D:10     | Killed bananaglory's ghost
  7086 | D:10     | Reached ***** piety under Okawaru
  7207 | D:10     | Reached skill level 15 in Axes
  7298 | D:10     | Noticed a hill giant
  7306 | D:10     | Killed a hill giant
  7306 | D:10     | Received a gift from Okawaru
  7309 | D:10     | Got a pair of encrusted boots {god gift}
  7315 | D:10     | Identified the +1 pair of boots of Pandemonium {MP+9} (Okawaru gifted it to you on level 10 of the Dungeon)
  7367 | D:10     | Reached XP level 11. HP: 87/94 MP: 10/10
  7576 | D:10     | Found a staircase to the Orcish Mines.
  7735 | D:10     | Killed an unseen horror
  8198 | D:11     | Reached skill level 16 in Axes
  8225 | D:11     | Found Yfotull's Assorted Antiques.
  8226 | D:11     | Noticed a hill giant
  8238 | D:11     | Killed a hill giant
  8246 | D:11     | Bought a scroll of teleportation for 87 gold pieces
  8246 | D:11     | Bought a scroll of teleportation for 87 gold pieces
  8246 | D:11     | Bought a scroll of blinking for 217 gold pieces
  8305 | D:11     | Found a flagged portal.
  8431 | Bailey   | Entered a bailey
  8439 | Bailey   | Noticed a deep elf mage
  8447 | Bailey   | Killed a deep elf mage
  8712 | Bailey   | Noticed a deep elf mage
  8713 | Bailey   | Noticed a deep elf mage
  8713 | Bailey   | Noticed a deep elf mage
  8713 | Bailey   | Noticed a deep elf mage
  8714 | Bailey   | Noticed a deep elf mage
  8714 | Bailey   | Noticed a deep elf mage
  8718 | Bailey   | Killed a deep elf mage
  8723 | Bailey   | Killed a deep elf mage
  8725 | Bailey   | Killed a deep elf mage
  8734 | Bailey   | Killed a deep elf mage
  8734 | Bailey   | Reached skill level 10 in Armour
  8740 | Bailey   | Killed a deep elf mage
  8750 | Bailey   | Killed a deep elf mage
  9127 | Bailey   | Noticed a deep elf mage
  9127 | Bailey   | Noticed a deep elf mage
  9131 | Bailey   | Killed a deep elf mage
  9145 | Bailey   | Killed a deep elf mage
  9403 | Bailey   | Noticed a deep elf archer
  9415 | Bailey   | Killed a deep elf archer
  9415 | Bailey   | Reached skill level 17 in Axes
  9994 | D:12     | Received a gift from Okawaru
 10183 | D:12     | Reached XP level 12. HP: 98/106 MP: 11/11
 10252 | D:12     | Noticed a centaur warrior
 10266 | D:12     | Killed a centaur warrior
 10266 | D:12     | Reached skill level 10 in Fighting
 10266 | D:12     | Reached skill level 1 in Invocations
 10566 | D:12     | Found Tiurihum's Magic Scroll Shop.
 10583 | D:12     | Reached skill level 18 in Axes
 10591 | D:12     | Bought a scroll of acquirement for 572 gold pieces
 11753 | D:13     | Reached skill level 19 in Axes
 11864 | D:13     | Found Yhusahe's Gadget Emporium.
 11996 | D:13     | Found a runed door.
 11996 | D:13     | Noticed a deep elf high priest
 12041 | D:13     | Killed a deep elf high priest
 12168 | D:14     | Received a gift from Okawaru
 12179 | D:14     | Noticed a centaur warrior
 12191 | D:14     | Killed a centaur warrior
 12191 | D:14     | Reached skill level 20 in Axes
 12256 | D:14     | Received a gift from Okawaru
 12535 | D:14     | Killed from afar by a meliai

Skill      XL: |  1  2  3  4  5  6  7  8  9 10 11 12 |
---------------+-------------------------------------+-----
Armour         | 4 5 6 8 9 10 11 | 11.6
Axes           | 3 5 6 7 9 11 13 15 17 20 | 20.1
Fighting       | 4 5 7 8 9 11 | 11.7
Dodging        | 1 2 4 |  4.7
Invocations    | 1 |  1.4
Shields        | |  3.6

Action                   |  1- 3 |  4- 6 |  7- 9 | 10-12 || total
-------------------------+-------+-------+-------+-------++-------
Melee: War axe           |    89 |    81 |   251 |   704 ||  1125
       Headbutt          |     8 |    16 |    50 |   171 ||   245
Invok: Finesse           |       |       |       |     2 ||     2
  Use: Scroll            |     6 |     3 |     7 |    16 ||    32
       Potion            |       |       |     3 |     1 ||     4
 Stab: Distracted        |       |       |       |     2 ||     2
       Confused          |       |       |       |     1 ||     1
  Eat: Chunk             |     1 |     4 |     5 |     4 ||    14
       Bread ration      |       |       |     1 |     1 ||     2
       Fruit             |       |       |       |     7 ||     7
       Beef jerky        |       |       |       |     5 ||     5
       Pizza             |       |       |       |     2 ||     2
Armor: Scale mail        |    32 |       |       |       ||    32
       Chain mail        |    13 |    37 |   255 |   219 ||   524
       Skin              |       |       |     2 |       ||     2
       Plate armour      |       |       |       |   144 ||   144
Dodge: Dodged            |    26 |    14 |    55 |   146 ||   241
Block: Shield            |    52 |    36 |   111 |   267 ||   466
